 Dungeon Crawl Stone Soup version 0.28.0-45-g0d030f2227 (webtiles) character file.

Game seed: 8684037360303473731

294 dianekeaton the Cleaver (level 6, -1/51 HPs)
             Began as a Hill Orc Fighter on Apr 4, 2022.
             Slain by a black bear (3 damage)
             ... on level 5 of the Dungeon.
             The game lasted 00:09:27 (3547 turns).

dianekeaton the Cleaver (Hill Orc Fighter)          Turns: 3547, Time: 00:09:27

Health: -1/51      AC:  6    Str: 21    XL:     6   Next: 33%
Magic:  6/6        EV:  9    Int:  8    God:
Gold:   105        SH:  4    Dex: 10    Spells: 5/5 levels left

rFire   . . .      SeeInvis .   a - +0 war axe
rCold   . . .      Faith    .   c - +0 buckler
rNeg    . . .      Spirit   .   b - +0 scale mail
rPois   .          Reflect  .   (no helmet)
rElec   .          Harm     .   (no cloak)
rCorr   .          Rampage  .   (no gloves)
Will    .....                   (no boots)
Stlth   ..........              (no amulet)
HPRegen 0.17/turn               k - +4 ring of slaying
MPRegen 0.10/turn               (no ring)

@: no status effects
A: no striking features
a: no special abilities


You were on level 5 of the Dungeon.
You visited 1 branch of the dungeon, and saw 5 of its levels.

You collected 105 gold pieces.

Inventory:

Hand Weapons
 a - a +0 war axe (weapon)
 o - a +4 quarterstaff of chaos
 q - a +1 mace of holy wrath
 r - the +5 hunting sling "Nawnoj" {vorpal, Will+}
   (You found it on level 3 of the Dungeon)

   Any ammunition fired from it inflicts extra damage upon your enemies.
   Will:      It increases your willpower.
Armour
 b - a +0 scale mail (worn)
 c - a +0 buckler (worn)
 l - an orb of wrath
Jewellery
 k - a +4 ring of slaying (left hand)
Scrolls
 h - a scroll of enchant armour {unknown}
 i - 3 scrolls of enchant weapon {unknown}
 j - a scroll of immolation {unknown}
 m - 2 scrolls of identify {unknown}
 p - a scroll of teleportation {unknown}
 t - a scroll of fear {unknown}
Potions
 d - a potion of might
 e - 3 potions of flight {unknown}
 f - a potion of curing {unknown}
 g - a potion of cancellation {unknown}
 n - a potion of haste {unknown}


   Skills:
 - Level 3.6 Fighting
 + Level 8.2 Axes
 - Level 3.2 Armour
 - Level 1.1 Dodging
 - Level 0.1 Stealth
 - Level 3.2 Shields


You had 5 spell levels left.
You didn't know any spells.
Your spell library contained the following spells:

 Spells                   Type           Power      Damage    Failure   Level
 Animate Skeleton         Necr           0%         N/A       83%         1
 Apportation              Tloc           0%         N/A       83%         1
 Summon Small Mammal      Summ           0%         N/A       83%         1


Dungeon Overview and Level Annotations

Branches:
Dungeon (5/15)
 Temple: D:4-7

Altars:


Message History

You block the orc's attack.
Your black bear barely misses the orc.
Your black bear closely misses the orc.
Your black bear claws the orc.
The orc hits your black bear with a +1 falchion of venom.
Your black bear is poisoned.
Your black bear bites the orc.
The orc dies!
The black bear is no longer charmed.
An orc comes into view. It is wielding a +0 falchion.
The black bear bites you but does no damage.
The black bear claws you. You block the black bear's attack.
The orc shouts!
You hear a shout!
An orc wizard comes into view. It is wielding a +0 dagger.
The black bear goes berserk!
An orc comes into view. It is wielding a +0 flail.
The orc shouts!
You hear a shout!
An orc comes into view. It is wielding a +0 club.
You hit the orc.
The orc is heavily wounded.
You hit the black bear.
The black bear bites you but does no damage.
You block the black bear's attack.
The black bear claws you but does no damage.
The black bear bites you! The black bear claws you.
The black bear completely misses you. You block the orc's attack.
You slice the orc!!
You kill the orc!
You hit the black bear. The black bear bites you! The black bear claws you. x2
The black bear closely misses you. The black bear claws you. x2
* * * LOW HITPOINT WARNING * * *
The orc wizard hits you but does no damage.
The orc throws a boomerang.
The boomerang hits you.
* * * LOW HITPOINT WARNING * * *
There is an escape hatch in the ceiling here.
Things that are here:
a +0 falchion; a +0 leather armour; an orc corpse The black bear bites you!
* * * LOW HITPOINT WARNING * * *
You block the black bear's attack. The black bear claws you.
You die...

#..).)....#
#..)......#
#######.).......#
#.......)##.....#
#.....#...#.....#
#.....#...'.....#
#.....#...#.....#
#.....'...#...h.#
###.....#...#...@.#
..##'####...#..o..#
............#..oo.#
............#.....#
............#.....#
.######...###.....#
.# ##### ......# .#
.......# .#


You could see a black bear (berserk, poisoned), an orc wizard and 2 orcs.

Vanquished Creatures
  2 scorpions (D:4)
  A centaur zombie (D:4)
  A hound skeleton (D:4)
  A howler monkey zombie (D:3)
  5 adders
  3 dart slugs
  An orc (D:5)
  4 ball pythons
  6 bats
  6 endoplasms
  2 giant cockroaches
  3 hobgoblins
  5 jackals
  2 quokkas (D:1)
  4 frilled lizards
  6 goblins
  A jackal skeleton (D:4)
  7 kobolds
  3 rats (D:1)
63 creatures vanquished.

Vanquished Creatures (collateral kills)
  5 orcs (D:5)
5 creatures vanquished.

Grand Total: 68 creatures vanquished

Notes
Turn   | Place    | Note
-------+----------+-------------------------------------------
     0 | D:1      | dianekeaton the Hill Orc Fighter began the quest for the
                  | Orb.
     0 | D:1      | Reached XP level 1. HP: 19/19 MP: 1/1
   247 | D:1      | Reached skill level 3 in Axes
   506 | D:1      | Reached XP level 2. HP: 26/26 MP: 2/2
   625 | D:1      | Reached skill level 4 in Axes
   643 | D:1      | Found a faded altar of an unknown god.
   717 | D:1      | Reached XP level 3. HP: 28/31 MP: 3/3
  1220 | D:2      | Reached skill level 1 in Dodging
  1500 | D:2      | Reached skill level 5 in Axes
  1550 | D:2      | Reached XP level 4. HP: 32/39 MP: 4/4
  2484 | D:3      | Found a runed translucent door.
  2485 | D:3      | Noticed Crazy Yiuf
  2494 | D:3      | Noticed Crazy Yiuf
  2494 | D:3      | Crazy Yiuf changed into Crazy Yiuf the dart slug
  2495 | D:3      | Killed Crazy Yiuf the dart slug
  2808 | D:3      | Reached skill level 6 in Axes
  2841 | D:3      | Identified the +5 hunting sling "Nawnoj" {vorpal, Will+}
  3013 | D:3      | Reached XP level 5. HP: 40/44 MP: 5/5
  3188 | D:4      | Reached skill level 7 in Axes
  3279 | D:4      | Noticed an orc warrior
  3322 | D:4      | Reached XP level 6. HP: 43/51 MP: 6/6
  3377 | D:4      | Reached skill level 8 in Axes
  3439 | D:4      | Noticed a black bear
  3454 | D:5      | Entered Level 5 of the Dungeon
  3547 | D:5      | HP: 2/51 [black bear (7)]
  3547 | D:5      | Slain by a black bear

Illustrated notes

Levels and vault maps discovered:
D:1:      elethiomel_arrival_infinity_welcomes_careful_drivers, layout_rooms,
          ebering_ecumenical_altar_box
D:2:      layout_basic, st_stairs_6
D:3:      layout_loops_ring, uniq_crazy_yiuf_cottage
D:4:      layout_basic, nicolae_elyvilon_peaceful_grove, nicolae_ru_awakened_eye
D:5:      layout_gridville, mainiacjoe_overflow_tiny_flanked,
          nicolae_overflow_hidden_temple, uniq_pikel

Skill      XL: |  1  2  3  4  5  6 |
---------------+-------------------+-----
Axes           | 3 4 5 6 7 8 |  8.2
Dodging        | 1 |  1.1
Fighting       | |  3.6
Armour         | |  3.2
Stealth        | |  0.1
Shields        | |  3.2

Action                   |  1- 3 |  4- 6 || total
-------------------------+-------+-------++-------
Melee: War axe           |    93 |    69 ||   162
Evoke: Wand              |       |     7 ||     7
Armor: Scale mail        |    56 |    52 ||   108
Dodge: Dodged            |    40 |    46 ||    86
Block: Buckler           |    17 |    26 ||    43
